General information
- name: BNet
- type: Ladder team game (AT/RT)
- host: Battle.net
- saver: Crusader+
map: Northshire_LV
- players: 8
- length: 51:22
- speed: Fast
- version: 1.29 W3XP
- replay type: Public
» download(541 KB)
Players
team 1 (loser)
narco (
purple | 93 APM | 3822 actions | 41:15)
5 Archmage
2 Blizzard
3 Brilliance Aura
4 Paladin
2 Holy Light
2 Divine Shield
3 Mountain King
2 Storm Bolt
1 Thunder Clap
» actions
| Assign group hotkey | 14 | |
| Basic commands | 88 | |
| Build / train | 152 | |
| ESC pressed | 8 | |
| Enter build submenu | 65 | |
| Enter hero's abilities submenu | 12 | |
| Give item / drop item | 5 | |
| Right click | 1264 | |
| Select / deselect | 1195 | |
| Select group hotkey | 622 | |
| Use ability | 397 | |
3822 total
» units
| Peasant | 27 | |
| Goblin Zeppelin | 10 | |
| Goblin Shredder | 2 | |
| Siege Engine | 7 | |
| Flying Machine | 2 | |
48 total
» upgrades
| Masonry | 3 | |
| Lumber Harvesting | 2 | |
| Gunpowder | 3 | |
| Plating | 3 | |
| Flak Cannons | 1 | |
12 total
» buildings
| Altar of Kings | 2 | |
| Farm | 6 | |
| Lumber Mill | 2 | |
| Scout Tower | 101 | |
| Arcane Vault | 1 | |
| Guard Tower | 33 | |
| Keep | 1 | |
| Arcane Tower | 3 | |
| Castle | 1 | |
| Town Hall | 4 | |
| Blacksmith | 1 | |
| Workshop | 4 | |
159 total
» build order
00:11 Altar of Kings
00:34 Farm
00:38 Farm
00:49 Lumber Mill
01:03 Lumber Mill
01:09 Scout Tower
01:43 Arcane Vault
02:06 Guard Tower
02:06 Guard Tower
03:15 Keep
03:28 Farm
03:29 Scout Tower
04:34 Guard Tower
04:59 Scout Tower
05:19 Farm
05:21 Scout Tower
06:12 Arcane Tower
06:44 Castle
07:55 Town Hall
07:56 Scout Tower
07:56 Scout Tower
07:57 Scout Tower
07:57 Scout Tower
07:57 Scout Tower
08:13 Scout Tower
08:42 Guard Tower
08:43 Guard Tower
10:43 Scout Tower
10:44 Scout Tower
10:44 Scout Tower
10:44 Scout Tower
11:51 Scout Tower
11:52 Scout Tower
12:04 Arcane Tower
12:46 Guard Tower
13:19 Scout Tower
13:20 Scout Tower
13:21 Scout Tower
13:22 Scout Tower
13:22 Scout Tower
13:23 Scout Tower
13:27 Guard Tower
13:57 Scout Tower
13:57 Scout Tower
13:59 Scout Tower
13:59 Scout Tower
13:59 Scout Tower
14:19 Guard Tower
14:30 Guard Tower
14:36 Scout Tower
14:37 Scout Tower
14:37 Scout Tower
14:42 Guard Tower
15:25 Guard Tower
15:28 Guard Tower
15:30 Scout Tower
15:30 Scout Tower
15:32 Scout Tower
15:32 Scout Tower
15:32 Scout Tower
15:36 Scout Tower
15:37 Scout Tower
15:37 Scout Tower
16:00 Guard Tower
16:35 Guard Tower
16:46 Guard Tower
16:47 Guard Tower
18:01 Blacksmith
19:47 Town Hall
19:49 Scout Tower
19:49 Scout Tower
19:49 Scout Tower
19:50 Scout Tower
19:50 Scout Tower
19:55 Workshop
19:56 Workshop
20:14 Scout Tower
20:15 Scout Tower
20:16 Scout Tower
20:16 Scout Tower
20:16 Scout Tower
20:17 Scout Tower
20:18 Scout Tower
20:19 Scout Tower
20:20 Scout Tower
20:21 Scout Tower
20:21 Scout Tower
20:56 Farm
21:25 Workshop
22:06 Scout Tower
22:32 Farm
22:36 Guard Tower
22:36 Scout Tower
22:40 Scout Tower
23:19 Guard Tower
23:34 Guard Tower
24:12 Town Hall
24:12 Scout Tower
24:12 Scout Tower
24:13 Scout Tower
24:13 Scout Tower
24:14 Scout Tower
24:14 Scout Tower
24:14 Scout Tower
24:14 Scout Tower
24:15 Scout Tower
24:15 Scout Tower
24:39 Guard Tower
24:59 Guard Tower
25:11 Guard Tower
25:40 Guard Tower
25:53 Guard Tower
26:34 Guard Tower
26:56 Workshop
27:19 Guard Tower
27:22 Scout Tower
27:25 Scout Tower
27:59 Guard Tower
30:09 Altar of Kings
30:35 Scout Tower
30:36 Scout Tower
30:36 Scout Tower
30:36 Scout Tower
30:37 Scout Tower
30:37 Scout Tower
30:37 Scout Tower
30:38 Scout Tower
30:38 Scout Tower
30:38 Scout Tower
30:39 Scout Tower
30:39 Scout Tower
30:39 Scout Tower
30:40 Scout Tower
30:40 Scout Tower
30:40 Scout Tower
30:40 Scout Tower
30:41 Scout Tower
30:41 Scout Tower
30:41 Scout Tower
30:41 Scout Tower
30:41 Scout Tower
30:41 Scout Tower
30:42 Scout Tower
30:42 Scout Tower
30:42 Scout Tower
30:43 Scout Tower
30:43 Scout Tower
31:06 Guard Tower
31:08 Guard Tower
31:12 Guard Tower
32:09 Guard Tower
32:57 Guard Tower
33:03 Arcane Tower
34:24 Town Hall
39:20 Scout Tower
39:20 Scout Tower
39:21 Scout Tower
39:21 Scout Tower
39:49 Guard Tower
» items
| Scroll of Regeneration | 7 | |
| Periapt of Vitality | 8 | |
| Boots of Speed | 1 | |
| Potion of Healing | 4 | |
| Potion of Lesser Invulnerability | 1 | |
| Staff of Teleportation | 1 | |
| Potion of Mana | 4 | |
| Orb of Fire | 1 | |
| Lesser Clarity Potion | 1 | |
| Scroll of Town Portal | 9 | |
37 total
OooOooooooO (
pink | 117 APM | 5988 actions | 51:21)
6 Archmage
3 Summon Water Elemental
2 Brilliance Aura
1 Mass Teleport
5 Mountain King
3 Storm Bolt
2 Bash
5 Pandaren Brewmaster
3 Breath of Fire
2 Drunken Haze
» actions
| Assign group hotkey | 115 | |
| Basic commands | 393 | |
| Build / train | 228 | |
| ESC pressed | 4 | |
| Enter build submenu | 77 | |
| Enter hero's abilities submenu | 16 | |
| Give item / drop item | 8 | |
| Remove unit from queue | 1 | |
| Right click | 1836 | |
| Select / deselect | 1003 | |
| Select group hotkey | 1910 | |
| Use ability | 396 | |
5988 total
» units
| Peasant | 26 | |
| Footman | 6 | |
| Goblin Shredder | 1 | |
| Rifleman | 15 | |
| Dragonhawk Rider | 4 | |
| Priest | 3 | |
| Knight | 2 | |
| Gryphon Rider | 3 | |
| Sorceress | 2 | |
| Spell Breaker | 1 | |
| Siege Engine | 1 | |
| Goblin Sapper | 7 | |
| Mortar Team | 1 | |
72 total
» upgrades
| Gunpowder | 3 | |
| Masonry | 3 | |
| Armor | 3 | |
| Long Rifles | 1 | |
| Storm Hammers | 1 | |
| Cloud | 1 | |
| Animal War Training | 1 | |
| Swords | 3 | |
| Plating | 4 | |
| Priest Training | 2 | |
| Sorceress Training | 2 | |
| Control Magic | 1 | |
| Magic Sentry | 1 | |
| Barrage | 1 | |
| Fragmentation Shards | 1 | |
| Flare | 1 | |
| Flak Cannons | 1 | |
30 total
» buildings
| Altar of Kings | 1 | |
| Barracks | 1 | |
| Farm | 13 | |
| Arcane Vault | 2 | |
| Keep | 2 | |
| Town Hall | 4 | |
| Blacksmith | 1 | |
| Lumber Mill | 1 | |
| Scout Tower | 48 | |
| Castle | 2 | |
| Arcane Tower | 18 | |
| Guard Tower | 25 | |
| Gryphon Aviary | 3 | |
| Arcane Sanctum | 2 | |
| Workshop | 3 | |
126 total
» build order
00:50 Altar of Kings
00:52 Barracks
00:56 Farm
01:03 Farm
01:11 Farm
01:50 Arcane Vault
02:03 Farm
02:44 Farm
03:46 Keep
03:47 Keep
04:24 Town Hall
04:40 Blacksmith
05:12 Farm
05:15 Lumber Mill
06:40 Scout Tower
06:42 Scout Tower
06:45 Scout Tower
07:18 Castle
07:18 Castle
07:40 Arcane Tower
07:42 Arcane Tower
07:42 Guard Tower
08:34 Farm
08:35 Gryphon Aviary
08:37 Gryphon Aviary
10:26 Scout Tower
10:27 Scout Tower
10:28 Scout Tower
11:13 Guard Tower
11:13 Guard Tower
11:23 Guard Tower
11:23 Guard Tower
12:07 Scout Tower
12:08 Scout Tower
12:53 Guard Tower
13:24 Scout Tower
13:26 Scout Tower
13:28 Scout Tower
13:30 Scout Tower
13:32 Scout Tower
14:05 Guard Tower
14:05 Guard Tower
14:07 Scout Tower
14:08 Scout Tower
14:11 Scout Tower
14:35 Guard Tower
14:35 Guard Tower
14:39 Arcane Sanctum
14:41 Arcane Sanctum
17:39 Gryphon Aviary
18:03 Town Hall
18:05 Scout Tower
18:06 Scout Tower
18:19 Scout Tower
18:20 Scout Tower
18:22 Scout Tower
18:24 Scout Tower
18:25 Scout Tower
18:26 Scout Tower
18:29 Scout Tower
18:33 Scout Tower
18:36 Arcane Tower
18:36 Guard Tower
18:36 Guard Tower
18:36 Guard Tower
18:55 Guard Tower
18:55 Guard Tower
19:05 Guard Tower
19:06 Guard Tower
19:06 Guard Tower
19:07 Guard Tower
19:21 Guard Tower
19:22 Guard Tower
19:49 Scout Tower
19:50 Scout Tower
19:54 Arcane Vault
19:56 Scout Tower
20:22 Guard Tower
20:25 Arcane Tower
20:26 Guard Tower
23:43 Farm
26:56 Farm
26:56 Farm
26:57 Farm
26:58 Farm
26:59 Farm
27:45 Workshop
27:46 Workshop
31:32 Town Hall
31:33 Scout Tower
31:33 Scout Tower
31:34 Scout Tower
31:34 Scout Tower
32:14 Guard Tower
32:14 Guard Tower
32:53 Scout Tower
33:22 Arcane Tower
40:41 Scout Tower
40:42 Scout Tower
40:42 Scout Tower
42:15 Workshop
44:39 Town Hall
44:46 Scout Tower
44:47 Scout Tower
44:48 Scout Tower
45:25 Arcane Tower
45:26 Arcane Tower
45:28 Arcane Tower
45:28 Arcane Tower
45:35 Scout Tower
45:36 Scout Tower
45:37 Scout Tower
46:04 Arcane Tower
46:27 Arcane Tower
46:27 Arcane Tower
47:02 Arcane Tower
47:02 Arcane Tower
47:03 Scout Tower
47:04 Scout Tower
47:06 Scout Tower
47:07 Scout Tower
47:08 Scout Tower
47:58 Arcane Tower
47:58 Arcane Tower
50:47 Arcane Tower
50:47 Arcane Tower
» items
| Scroll of Regeneration | 10 | |
| Mechanical Critter | 6 | |
| Boots of Speed | 2 | |
| Periapt of Vitality | 2 | |
| Staff of Sanctuary | 2 | |
| Ivory Tower | 2 | |
| Orb of Fire | 2 | |
| Scroll of Protection | 2 | |
| Potion of Lesser Invulnerability | 2 | |
| Scroll of Healing | 1 | |
| Scroll of Town Portal | 4 | |
| Potion of Healing | 6 | |
| Lesser Clarity Potion | 3 | |
| Circlet of Nobility | 1 | |
| Staff of Teleportation | 2 | |
| Potion of Mana | 1 | |
48 total

»
noobsplay4x4 (
blue | 165 APM | 3563 actions | 21:34)
4 Archmage
2 Summon Water Elemental
2 Brilliance Aura
2 Blood Mage
1 Siphon Mana
1 Flame Strike
» actions
| Assign group hotkey | 280 | |
| Basic commands | 349 | |
| Build / train | 110 | |
| Enter build submenu | 42 | |
| Enter hero's abilities submenu | 6 | |
| Give item / drop item | 2 | |
| Remove unit from queue | 8 | |
| Right click | 1018 | |
| Select / deselect | 464 | |
| Select group hotkey | 1192 | |
| Use ability | 92 | |
3563 total
» units
| Peasant | 23 | |
| Footman | 9 | |
| Rifleman | 6 | |
| Mortar Team | 1 | |
| Priest | 3 | |
| Siege Engine | 10 | |
| Spell Breaker | 2 | |
54 total
» upgrades
| Masonry | 3 | |
| Lumber Harvesting | 2 | |
| Gunpowder | 2 | |
| Flare | 1 | |
| Barrage | 1 | |
| Magic Sentry | 1 | |
| Long Rifles | 1 | |
11 total
» buildings
| Altar of Kings | 1 | |
| Barracks | 1 | |
| Farm | 14 | |
| Scout Tower | 8 | |
| Arcane Tower | 2 | |
| Town Hall | 2 | |
| Lumber Mill | 2 | |
| Guard Tower | 10 | |
| Keep | 3 | |
| Arcane Vault | 1 | |
| Blacksmith | 1 | |
| Workshop | 3 | |
| Arcane Sanctum | 1 | |
| Castle | 1 | |
| Gryphon Aviary | 1 | |
| Cannon Tower | 1 | |
52 total
» build order
00:19 Altar of Kings
00:23 Barracks
00:43 Farm
01:20 Farm
01:27 Farm
01:59 Scout Tower
02:23 Farm
02:33 Arcane Tower
03:56 Town Hall
04:07 Lumber Mill
04:22 Scout Tower
04:54 Farm
04:57 Farm
05:22 Guard Tower
05:30 Farm
06:14 Keep
06:14 Keep
06:15 Keep
06:21 Lumber Mill
06:30 Scout Tower
06:40 Farm
06:42 Arcane Vault
06:49 Scout Tower
07:28 Guard Tower
07:35 Blacksmith
07:56 Guard Tower
08:00 Farm
08:20 Town Hall
09:38 Workshop
09:41 Workshop
09:45 Arcane Sanctum
10:08 Castle
10:27 Scout Tower
10:30 Scout Tower
10:34 Scout Tower
10:37 Scout Tower
11:08 Guard Tower
11:18 Guard Tower
11:19 Guard Tower
11:30 Arcane Tower
11:32 Guard Tower
11:32 Guard Tower
11:35 Guard Tower
11:48 Guard Tower
12:40 Gryphon Aviary
12:44 Farm
12:46 Farm
14:28 Cannon Tower
14:44 Farm
14:49 Farm
19:11 Workshop
19:16 Farm
» items
| Potion of Lesser Invulnerability | 2 | |
| Scroll of Healing | 2 | |
| Scroll of Protection | 2 | |
| Scroll of Town Portal | 2 | |
| Ivory Tower | 6 | |
| Potion of Healing | 1 | |
15 total
KrogDog101 (
green | 55 APM | 960 actions | 17:22)
3 Shadow Hunter
2 Serpent Ward
1 Healing Wave
» actions
| Assign group hotkey | 18 | |
| Basic commands | 47 | |
| Build / train | 50 | |
| Enter build submenu | 13 | |
| Enter hero's abilities submenu | 3 | |
| Remove unit from queue | 2 | |
| Right click | 466 | |
| Select / deselect | 139 | |
| Select group hotkey | 149 | |
| Use ability | 73 | |
960 total
» units
» upgrades
| Armor | 2 | |
| Melee Weapons | 1 | |
| Ranged Weapons | 1 | |
| Spiked Barricades | 1 | |
| Berserker Strength | 1 | |
| Ensnare | 1 | |
7 total
» buildings
| Altar of Storms | 1 | |
| Orc Burrow | 6 | |
| Barracks | 1 | |
| Voodoo Lounge | 1 | |
| Stronghold | 1 | |
| War Mill | 1 | |
| Beastiary | 1 | |
| Fortress | 1 | |
| Spirit Lodge | 2 | |
15 total
» build order
00:09 Altar of Storms
00:13 Orc Burrow
01:09 Barracks
01:22 Orc Burrow
01:47 Voodoo Lounge
02:24 Orc Burrow
03:14 Stronghold
04:07 War Mill
05:12 Orc Burrow
05:39 Beastiary
08:26 Fortress
10:13 Spirit Lodge
10:18 Spirit Lodge
13:07 Orc Burrow
13:12 Orc Burrow
» items
| Healing Salve | 2 | |
| Lesser Clarity Potion | 1 | |
3 total
team 2 (winner)

»
REDSKINBUCKEYE (
yellow | 46 APM | 1448 actions | 31:16)
4 Death Knight
2 Death Coil
2 Unholy Aura
2 Crypt Lord
1 Carrion Beetles
1 Spiked Carapace
3 Dreadlord
2 Vampiric Aura
1 Sleep
» actions
| Assign group hotkey | 40 | |
| Basic commands | 58 | |
| Build / train | 106 | |
| Enter build submenu | 19 | |
| Enter hero's abilities submenu | 9 | |
| Give item / drop item | 6 | |
| Remove unit from queue | 5 | |
| Right click | 509 | |
| Select / deselect | 341 | |
| Select group hotkey | 278 | |
| Use ability | 77 | |
1448 total
» units
| Acolyte | 25 | |
| Ghoul | 9 | |
| Goblin Shredder | 1 | |
| Crypt Fiend | 6 | |
| Frost Wyrm | 4 | |
45 total
» upgrades
| Creature Attack | 3 | |
| Creature Carapace | 3 | |
| Web | 1 | |
| Ghoul Frenzy | 1 | |
| Freezing Breath | 1 | |
9 total
» buildings
| Ziggurat | 8 | |
| Crypt | 2 | |
| Altar of Darkness | 1 | |
| Tomb of Relics | 1 | |
| Nerubian Tower | 1 | |
| Halls of the Dead | 2 | |
| Graveyard | 1 | |
| Black Citadel | 1 | |
| Sacrificial Pit | 1 | |
| Boneyard | 3 | |
| Spirit Tower | 3 | |
24 total
» build order
00:34 Ziggurat
00:39 Crypt
01:00 Altar of Darkness
01:19 Ziggurat
01:36 Tomb of Relics
02:48 Ziggurat
05:42 Nerubian Tower
05:46 Halls of the Dead
05:46 Halls of the Dead
05:53 Graveyard
06:00 Ziggurat
06:06 Crypt
07:30 Ziggurat
07:31 Ziggurat
07:32 Ziggurat
08:10 Black Citadel
08:15 Sacrificial Pit
10:31 Boneyard
10:33 Boneyard
10:35 Boneyard
11:01 Spirit Tower
19:45 Spirit Tower
23:14 Spirit Tower
24:15 Ziggurat
» items
| Rod of Necromancy | 1 | |
| Potion of Healing | 2 | |
| Scroll of Town Portal | 11 | |
| Scroll of Healing | 2 | |
| Orb of Corruption | 3 | |
| Periapt of Vitality | 1 | |
| Boots of Speed | 1 | |
21 total
Crusader+ (
orange | 55 APM | 2843 actions | 51:22)
7 Archmage
3 Summon Water Elemental
3 Brilliance Aura
1 Mass Teleport
» actions
| Assign group hotkey | 53 | |
| Basic commands | 308 | |
| Build / train | 104 | |
| Enter build submenu | 66 | |
| Enter hero's abilities submenu | 7 | |
| Give item / drop item | 11 | |
| Right click | 926 | |
| Select / deselect | 579 | |
| Select group hotkey | 561 | |
| Use ability | 226 | |
2843 total
» units
| Peasant | 12 | |
| Footman | 4 | |
| Goblin Shredder | 1 | |
| Gryphon Rider | 4 | |
| Goblin Sapper | 13 | |
| Goblin Zeppelin | 1 | |
| Dragonhawk Rider | 2 | |
37 total
» upgrades
| Masonry | 3 | |
| Swords | 3 | |
| Armor | 3 | |
| Animal War Training | 1 | |
| Storm Hammers | 1 | |
| Cloud | 1 | |
| Gunpowder | 2 | |
| Plating | 2 | |
| Barrage | 1 | |
| Fragmentation Shards | 1 | |
| Flare | 1 | |
| Flying Machine Bombs | 1 | |
| Flak Cannons | 1 | |
21 total
» buildings
| Altar of Kings | 1 | |
| Barracks | 1 | |
| Farm | 9 | |
| Scout Tower | 43 | |
| Arcane Tower | 1 | |
| Keep | 1 | |
| Arcane Vault | 4 | |
| Town Hall | 5 | |
| Lumber Mill | 1 | |
| Castle | 1 | |
| Gryphon Aviary | 10 | |
| Blacksmith | 2 | |
| Guard Tower | 7 | |
| Workshop | 1 | |
87 total
» build order
00:45 Altar of Kings
00:47 Barracks
00:49 Farm
00:50 Farm
01:03 Farm
02:27 Scout Tower
03:03 Arcane Tower
03:26 Keep
04:07 Arcane Vault
04:14 Town Hall
05:05 Lumber Mill
06:10 Castle
06:59 Gryphon Aviary
07:00 Gryphon Aviary
07:01 Gryphon Aviary
07:01 Gryphon Aviary
07:07 Blacksmith
07:08 Blacksmith
07:24 Farm
07:30 Farm
13:43 Town Hall
13:45 Town Hall
13:50 Scout Tower
13:51 Scout Tower
13:52 Scout Tower
13:52 Scout Tower
13:53 Scout Tower
13:54 Scout Tower
13:54 Scout Tower
13:55 Scout Tower
13:56 Scout Tower
13:56 Scout Tower
13:57 Scout Tower
13:58 Scout Tower
14:02 Arcane Vault
14:27 Guard Tower
14:30 Scout Tower
14:32 Scout Tower
15:02 Guard Tower
15:05 Scout Tower
15:05 Scout Tower
15:06 Scout Tower
15:07 Scout Tower
15:07 Scout Tower
15:09 Scout Tower
15:15 Scout Tower
15:16 Scout Tower
15:16 Scout Tower
15:17 Scout Tower
15:18 Scout Tower
15:21 Scout Tower
15:22 Scout Tower
15:23 Scout Tower
15:24 Scout Tower
15:32 Guard Tower
15:55 Guard Tower
16:04 Gryphon Aviary
16:06 Gryphon Aviary
16:09 Gryphon Aviary
16:11 Gryphon Aviary
17:27 Arcane Vault
17:32 Guard Tower
17:34 Arcane Vault
17:37 Gryphon Aviary
17:38 Gryphon Aviary
18:44 Scout Tower
18:45 Scout Tower
18:45 Scout Tower
18:46 Scout Tower
18:47 Scout Tower
19:24 Guard Tower
19:32 Farm
19:32 Farm
19:33 Farm
19:34 Farm
20:04 Workshop
27:30 Town Hall
27:33 Scout Tower
27:34 Scout Tower
27:35 Scout Tower
27:35 Scout Tower
27:38 Scout Tower
27:39 Scout Tower
27:40 Scout Tower
27:41 Scout Tower
33:11 Guard Tower
33:26 Town Hall
» items
| Scroll of Regeneration | 5 | |
| Mechanical Critter | 7 | |
| Scroll of Town Portal | 3 | |
| Lesser Clarity Potion | 1 | |
| Scroll of Protection | 2 | |
| Scroll of Healing | 2 | |
| Periapt of Vitality | 1 | |
| Staff of Teleportation | 1 | |
| Potion of Healing | 4 | |
| Staff of Sanctuary | 1 | |
| Potion of Lesser Invulnerability | 1 | |
28 total
tunga4 (
teal | 208 APM | 7258 actions | 34:54)
7 Warden
3 Fan of Knives
3 Blink
1 Shadow Strike
6 Naga Sea Witch
3 Forked Lightning
2 Frost Arrows
1 Tornado
» actions
| Assign group hotkey | 33 | |
| Basic commands | 2 | |
| Build / train | 126 | |
| ESC pressed | 6 | |
| Enter build submenu | 36 | |
| Enter hero's abilities submenu | 13 | |
| Give item / drop item | 5 | |
| Right click | 2917 | |
| Select / deselect | 1153 | |
| Select group hotkey | 2585 | |
| Use ability | 381 | |
7258 total
» units
| Wisp | 23 | |
| Archer | 10 | |
| Druid of the Talon | 9 | |
| Mountain Giant | 5 | |
| Dryad | 3 | |
| Goblin Shredder | 1 | |
| Faerie Dragon | 2 | |
53 total
» upgrades
| Improved Bows | 1 | |
| Druid of the Talon Training | 2 | |
| Well Spring | 1 | |
| Hardened Skin | 1 | |
| Resistant Skin | 1 | |
| Reinforced Hides | 3 | |
| Mark of the Talon | 1 | |
| Strength of the Wild | 1 | |
11 total
» buildings
| Moon Well | 10 | |
| Ancient of War | 1 | |
| Altar of Elders | 4 | |
| Tree of Ages | 1 | |
| Tree of Life | 3 | |
| Tree of Eternity | 1 | |
| Ancient of Wonders | 2 | |
| Hunter's Hall | 1 | |
| Ancient of Wind | 2 | |
| Ancient of Lore | 3 | |
| Ancient Protector | 4 | |
32 total
» build order
00:26 Moon Well
00:46 Ancient of War
00:55 Altar of Elders
01:14 Moon Well
02:38 Tree of Ages
03:28 Moon Well
04:41 Tree of Life
05:04 Tree of Eternity
05:37 Ancient of Wonders
06:13 Moon Well
06:58 Hunter's Hall
07:11 Ancient of Wind
08:49 Ancient of Lore
10:02 Moon Well
12:35 Moon Well
17:45 Altar of Elders
18:34 Altar of Elders
18:58 Altar of Elders
19:00 Ancient of Wonders
19:40 Moon Well
19:54 Moon Well
20:42 Ancient Protector
20:45 Ancient Protector
20:52 Ancient of Wind
21:06 Ancient of Lore
22:08 Tree of Life
22:36 Ancient of Lore
22:37 Moon Well
22:38 Ancient Protector
22:56 Moon Well
23:24 Ancient Protector
26:50 Tree of Life
» items
| Boots of Speed | 1 | |
| Staff of Teleportation | 1 | |
| Lesser Clarity Potion | 8 | |
| Moonstone | 8 | |
| Potion of Mana | 7 | |
| Scroll of Town Portal | 7 | |
| Potion of Healing | 8 | |
| Orb of Venom | 1 | |
41 total
ferahgo (
red | 36 APM | 1863 actions | 51:21)
6 Far Seer
3 Feral Spirit
2 Chain Lighting
1 Earth Quake
» actions
| Assign group hotkey | 95 | |
| Basic commands | 70 | |
| Build / train | 98 | |
| ESC pressed | 14 | |
| Enter build submenu | 38 | |
| Enter hero's abilities submenu | 6 | |
| Give item / drop item | 3 | |
| Remove unit from queue | 3 | |
| Right click | 690 | |
| Select / deselect | 478 | |
| Select group hotkey | 282 | |
| Use ability | 85 | |
1863 total
» units
| Peon | 23 | |
| Grunt | 12 | |
| Tauren | 15 | |
| Demolisher | 6 | |
56 total
» upgrades
| Armor | 3 | |
| Melee Weapons | 3 | |
| Spiked Barricades | 2 | |
| Berserker Strength | 1 | |
| Pillage | 1 | |
| Pulverize | 1 | |
| Burning Oil | 1 | |
| Ranged Weapons | 1 | |
13 total
» buildings
| Orc Burrow | 9 | |
| Altar of Storms | 1 | |
| Barracks | 1 | |
| War Mill | 1 | |
| Watch Tower | 18 | |
| Voodoo Lounge | 1 | |
| Great Hall | 1 | |
| Stronghold | 1 | |
| Fortress | 1 | |
| Tauren Totem | 2 | |
36 total
» build order
00:20 Orc Burrow
00:39 Altar of Storms
00:53 Barracks
01:35 Orc Burrow
01:56 War Mill
02:56 Orc Burrow
03:53 Watch Tower
04:09 Watch Tower
04:39 Orc Burrow
05:05 Voodoo Lounge
06:04 Great Hall
06:08 Watch Tower
06:11 Watch Tower
06:14 Watch Tower
06:16 Watch Tower
06:17 Watch Tower
06:31 Stronghold
06:42 Watch Tower
07:47 Watch Tower
07:48 Watch Tower
07:54 Watch Tower
07:56 Watch Tower
08:03 Watch Tower
09:26 Watch Tower
09:38 Orc Burrow
10:21 Fortress
11:13 Watch Tower
13:14 Tauren Totem
13:17 Tauren Totem
16:43 Orc Burrow
16:47 Orc Burrow
21:42 Orc Burrow
22:33 Orc Burrow
31:09 Watch Tower
31:13 Watch Tower
31:34 Watch Tower
» items
| Healing Salve | 5 | |
| Lesser Clarity Potion | 1 | |
| Potion of Healing | 1 | |
| Scroll of Town Portal | 4 | |
| Scroll of Healing | 1 | |
| Potion of Lesser Invulnerability | 1 | |
| Boots of Speed | 1 | |
| Scroll of Protection | 2 | |
| Orb of Lightning | 1 | |
17 total
Chat log
(00:29 / Allies) ferahgo: what a nig nog
(00:32 / Allies) tunga4: hes here
(00:32 / Allies) Crusader+: he back
(00:49 / Allies) ferahgo: cc/expo?
(00:54 / Allies) Crusader+: yeh
(01:10 / Allies) tunga4: warden arch
(12:03 / Allies) tunga4: nj
(16:41 / All) KrogDog101: let'
(16:45 / All) KrogDog101: s be friends
(17:11 / Allies) tunga4: wood plz
(17:23 / Allies) tunga4: wood
(18:54 / All) Crusader+: LAMDA LAMDA LAMDA AAANND
(18:56 / All) Crusader+: OMEGA MOO!
(19:11 / Allies) tunga4: units
(20:34 / Allies) tunga4: ty
(24:04 / All) REDSKINBUCKEYE: LOL
(28:35 / Allies) ferahgo: oj
(28:39 / Allies) ferahgo: you fucking focus fired me
(28:47 / Allies) Crusader+: Hmm, indeed
(28:58 / Allies) ferahgo: ...
(29:13 / Allies) ferahgo: I was going to port you, thought you were gonna help...
(29:21 / Allies) ferahgo: port out*
(30:23 / All) Crusader+: These "allies" blizzard has given me are nothing but a crew of lawbreakers and malcontents!
(32:20 / Allies) ferahgo: hey
(32:36 / Allies) Crusader+: You got something to say to me, bub?
(32:38 / Allies) tunga4: why are you doing that?
(32:41 / Allies) ferahgo: yea
(32:44 / Allies) ferahgo: fuck you
(32:48 / Allies) tunga4: why?
(32:50 / Allies) Crusader+: Thems fighting words
(32:56 / Allies) Crusader+: OH wait, the fight is already over, and I won
(33:04 / Allies) tunga4: why
(33:06 / Allies) ferahgo: lol
(33:24 / Allies) ferahgo: troll warlord over here
(33:58 / All) ferahgo: you guys do know that oj wrecked us
(34:10 / All) ferahgo: now I guess hes gonna try to wreck yall
(35:13 / Allies) ferahgo: you get beat up in elementary school right
(37:51 / Allies) Crusader+: yes, one time all the kids in 4th grade beat me with gym socks, and from that day on I vowed to become a super villain
(38:00 / Allies) Crusader+: the best I ever got was being a menace on battle net
(38:03 / Allies) ferahgo: who cant spell
(38:15 / Allies) Crusader+: what did I misspell?
(38:35 / Allies) ferahgo: its okay, you're busy being a menace. I understand
(38:57 / Allies) Crusader+: Better than being a grammar nazi, and failing at that
(39:06 / Allies) ferahgo: grammar != spelling
(39:11 / Allies) ferahgo: noob
(39:32 / Allies) Crusader+: grammar nazi encompasses spelling, dickwad
(39:49 / Allies) ferahgo: you cant just change the definition of things to suit your needs
(39:58 / Allies) ferahgo: you were wrong, its okay
(40:43 / Allies) Crusader+: 4. To correct the grammar of (a person's speech, a piece of writing, etc.); to edit for grammar and spelling; to proofread.
(40:49 / Allies) Crusader+: urbandictionary, which is never wrong
(41:06 / Allies) ferahgo: this nigga citing urban dictionary
(41:17 / Allies) Crusader+: Better than being a grammar nazi on war3
(41:18 / Allies) ferahgo: how about you use a real dictionary
(41:21 / All) OooOooooooO: thank god
(41:23 / All) OooOooooooO: that homo left
(41:26 / All) Crusader+: Jeez, just got 13 dhawks oto
(41:27 / Allies) ferahgo: better than being a fucking idiot irl
(41:35 / All) OooOooooooO: gg red you lose
(41:49 / All) ferahgo: i r teh winnr
(41:56 / All) Crusader+: Tough luck red, bad karma for being a grammar nazi
(42:06 / All) ferahgo: this dude
(42:17 / All) ferahgo: callin people nazis
(42:47 / All) OooOooooooO: grammar nazi encompasses spelling fool
(43:04 / All) ferahgo: grammar. the word. does not encompass spelling
(43:12 / All) OooOooooooO: but the term grammar nazi does
(43:18 / All) OooOooooooO: Sorry to break it to ya pal
(43:19 / All) Crusader+: the pejorative grammar nazi does
(43:21 / All) Crusader+: owned
(43:22 / All) ferahgo: the term grammar nazi is not in a dictionary
(43:32 / All) Crusader+: he said I can't spell because I put a space in supervillain
(43:33 / All) OooOooooooO: it's in urbandictionary.com so suck my dick
(43:34 / All) ferahgo: urban dictionary is not a "source"
(43:41 / All) Crusader+: Which is a gay comic book term
(43:45 / All) OooOooooooO: it's a dictionary, you didn't say a professional one
(43:54 / All) ferahgo: These niggas
(44:12 / All) ferahgo: yall were jerkin each other off the whole time
(44:19 / All) OooOooooooO: leave nerd
(46:53 / All) Crusader+: Mind leaving pal? You really have to be this petty, red?
(47:54 / All) ferahgo: lol, yes, I do.
(48:07 / All) Crusader+: You're very rude and inconsiderate
(48:11 / All) ferahgo: you no fuck me, I fuck you.
(48:16 / All) Crusader+: Matlock special starts in less than 2 minutes
(48:27 / All) OooOooooooO: Red is on about grammar but his own sucks
(48:31 / All) OooOooooooO: he talks like a russian
(48:40 / All) ferahgo: nigga doesn't know what a quote is
(48:50 / All) Crusader+: probably from some gay video game
(49:00 / All) ferahgo: need to go back to gradeschool instead of turnin tricks on the corner
(49:33 / All) Crusader+: Maybe if you finished grade school you'd know how to spell it
(49:37 / All) Crusader+: OWNED
(49:52 / All) Crusader+: I upload this to youtube and title it "GAY NOOB GETS DESTROYED IN HEATED ARGUMENT"
(50:04 / All) ferahgo: LOOLOOLL
(50:40 / All) Crusader+: Any last pearls of wisdom you wish to dispense to the unwashed masses?
(50:50 / All) Crusader+: Before I kill this last building of our team, giving you a loss?
(50:52 / All) ferahgo: send link
(51:03 / All) OooOooooooO: gg noob
(51:20 / All) ferahgo: eat my ass